[Event "Titled Tuesday Blitz May 23 Early 2023"]
[White "agvania123"]
[Black "Sanchez, Robert"]
[BlackFideId "2034360"]
[WhiteElo "2233"]
[BlackElo "1836"]
[Result "1-0"]
[Round "07"]
[TimeControl "180+2"]
[Date "2023.05.23"]
[WhiteClock "0:00:01"]
[BlackClock "0:00:36"]

1. Nf3 d5 2. g3 Nc6 3. Bg2 e5 4. d3 f6 5. O-O Be6 6. Nbd2 Qd7 7. e4 O-O-O 8. exd5 Bxd5 9. a3 h5 10. h4 Be6 11. b4 Kb8 12. Rb1 Nh6 13. Bb2 Nf7 14. Ne4 Bd6 15. Qe2 Bg4 16. Qd2 Ne7 17. c4 c6 18. d4 Bc7 19. dxe5 Bxf3 20. Qxd7 Rxd7 21. Bxf3 Nxe5 22. Be2 Rhd8 23. Rfd1 Rxd1+ 24. Rxd1 Rxd1+ 25. Bxd1 Nxc4 26. Bc1 Be5 27. Bxh5 g6 28. Be2 Nd6 29. Nxd6 Bxd6 30. Bb2 f5 31. f4 Nd5 32. Kf2 Kc7 33. Bc4 Kd7 34. Bd4 b6 35. Bxd5 cxd5 36. Kf3 Kc6 37. g4 Kb5 38. gxf5 gxf5 39. h5 Bf8 40. Be5 Ka4 41. Bb8 a6 42. Bc7 b5 43. Ba5 Kxa3 44. Ke3 Bh6 1-0


[Site "https://www.chess.com"]

[Event "Titled Tuesday Blitz May 23 Early 2023"]
[White "stratacticos"]
[Black "chessjazda"]
[WhiteElo "1890"]
[BlackElo "2283"]
[Result "0-1"]
[Round "07"]
[TimeControl "180+2"]
[Date "2023.05.23"]
[WhiteClock "0:00:00"]
[BlackClock "0:00:04"]

1. e4 d6 2. d4 a5 3. c4 a4 4. Nc3 Bd7 5. a3 g6 6. Bd3 c6 7. Bc2 b5 8. cxb5 cxb5 9. Ke2 Bg7 10. Nf3 Nf6 11. e5 dxe5 12. dxe5 Ng4 13. e6 fxe6 14. h3 Nf6 15. Ne5 O-O 16. Nxd7 Nbxd7 17. Nxb5 Qb8 18. Bxa4 Qe5+ 19. Be3 Nd5 20. Nc3 Rxa4 21. Qxa4 Qxc3 22. bxc3 Nxc3+ 23. Kf1 Nxa4 24. Rd1 Ne5 25. Bd4 Rd8 26. Ke2 Rc8 27. Rc1 Rd8 28. Rhd1 Ra8 29. Rc7 Nc6 30. Rxc6 Bf8 31. Rxe6 Kf7 32. Re3 Bh6 33. Rf3+ Ke8 34. Rb1 Rc8 35. Kd3 Rd8 36. Kc4 Rc8+ 37. Kb5 Rb8+ 38. Kxa4 Rxb1 39. Bc5 Rb2 40. Bb4 Bc1 41. Kb5 Bd2 42. Rd3 Bf4 43. g3 Bd6 44. f4 Kf7 45. Rd4 Rb1 46. Ka5 Bc7+ 47. Ka4 Rb2 48. Rd7 Rc2 0-1


[Site "https://www.chess.com"]

[Event "Titled Tuesday Blitz May 23 Early 2023"]
[White "Shapiro, Viktor"]
[Black "Dahlgren, James Allen"]
[WhiteFideId "4175700"]
[BlackFideId "22256873"]
[WhiteElo "2152"]
[BlackElo "2176"]
[Result "1-0"]
[Round "07"]
[TimeControl "180+2"]
[Date "2023.05.23"]
[WhiteClock "0:02:22"]
[BlackClock "0:02:00"]

1. d4 e6 2. c4 c5 3. d5 exd5 4. cxd5 f5 5. Nc3 d6 6. h3 Nf6 7. g4 Be7 8. g5 Nfd7 9. h4 O-O 10. Nh3 a6 11. a4 Ne5 12. Nf4 Bd7 13. e3 Qc7 14. Bg2 g6 15. O-O a5 16. Ne6 Bxe6 17. dxe6 Nbc6 18. Nd5 Qd8 19. f4 Ng4 20. e4 Nd4 21. exf5 gxf5 22. Bh3 Nxe6 23. Bxg4 fxg4 24. f5 Nxg5 25. hxg5 Bxg5 26. Qxg4 h6 27. f6 1-0


[Site "https://www.chess.com"]

[Event "Titled Tuesday Blitz May 23 Early 2023"]
[White "Napoli, Nicolo"]
[Black "Dilmukhametov, Artur"]
[WhiteFideId "813702"]
[BlackFideId "24179922"]
[WhiteElo "2308"]
[BlackElo "2242"]
[Result "1-0"]
[Round "07"]
[TimeControl "180+2"]
[Date "2023.05.23"]
[WhiteClock "0:01:01"]
[BlackClock "0:01:26"]

1. e4 e6 2. Qe2 d5 3. exd5 Qxd5 4. Nf3 Nc6 5. g3 Nf6 6. Bg2 Qd8 7. O-O Bc5 8. c3 O-O 9. d4 Bd6 10. Bg5 Re8 11. Nbd2 Bd7 12. Ne5 Bxe5 13. dxe5 Qe7 14. exf6 gxf6 15. Be3 e5 16. Ne4 Bf5 17. g4 Bxe4 18. Bxe4 Qe6 19. Bf5 Qd5 20. Qd3 Qa5 21. b4 Qa3 22. Bc5 Rad8 23. Qh3 1-0


[Site "https://www.chess.com"]

[Event "Titled Tuesday Blitz May 23 Early 2023"]
[White "Tarnowska, Aleksandra"]
[Black "Kostiukov, Alexandr"]
[WhiteFideId "1180967"]
[BlackFideId "14108100"]
[WhiteElo "1776"]
[BlackElo "2202"]
[Result "1-0"]
[Round "07"]
[TimeControl "180+2"]
[Date "2023.05.23"]
[WhiteClock "0:00:27"]
[BlackClock "0:00:13"]

1. e4 c5 2. Nf3 g6 3. c3 Bg7 4. d4 cxd4 5. cxd4 d5 6. e5 Nc6 7. Nc3 Bg4 8. Be3 Nh6 9. Bd3 Nf5 10. Bxf5 Bxf5 11. a3 Bg4 12. h3 Bxf3 13. Qxf3 e6 14. h4 h5 15. Bg5 Qb6 16. O-O Nxd4 17. Qd3 Bxe5 18. Be3 O-O 19. Rfd1 Rac8 20. Bxd4 Bxd4 21. Qxd4 Qxb2 22. Nxd5 Qxd4 23. Ne7+ Kg7 24. Rxd4 Rc2 25. Rd7 Rb2 26. Rc1 Rb3 27. Rcc7 Rxa3 28. Rxb7 a5 29. Nc6 a4 30. Ne5 Kf6 31. Nxf7 Rc8 32. Ng5 Rc4 33. Rf7+ Ke5 34. Nf3+ Kd6 35. Rfd7+ Kc6 36. Rdc7+ Kd5 37. Rd7+ Kc5 38. Rdc7+ Kd5 39. Rb5+ Kd6 40. Rxc4 Ra1+ 41. Kh2 a3 42. Ra5 a2 43. Rca4 1-0


[Site "https://www.chess.com"]

[Event "Titled Tuesday Blitz May 23 Early 2023"]
[White "Lohani, Sujana"]
[Black "MANOJ_MISHRA123"]
[WhiteFideId "12311987"]
[WhiteElo "1718"]
[BlackElo "2232"]
[Result "1-0"]
[Round "07"]
[TimeControl "180+2"]
[Date "2023.05.23"]
[WhiteClock "0:00:03"]
[BlackClock "0:00:02"]

1. d4 Nf6 2. Nf3 g6 3. c4 Bg7 4. g3 O-O 5. Bg2 c6 6. O-O d6 7. Nc3 Nbd7 8. e4 e5 9. d5 Qc7 10. Qc2 a5 11. Be3 Ng4 12. Bg5 h6 13. Bd2 f5 14. Nh4 g5 15. Nxf5 Rxf5 16. exf5 Nc5 17. dxc6 bxc6 18. Nb5 Qd7 19. Bc3 Rb8 20. Na3 d5 21. cxd5 cxd5 22. Bxa5 Na4 23. b3 Nb6 24. Bxb6 Rxb6 25. Rad1 d4 26. Nc4 Ra6 27. Qe4 h5 28. h3 Nh6 29. Nxe5 Qxf5 30. Qxf5 Bxf5 31. Rfe1 Rxa2 32. Rxd4 g4 33. Rd8+ Kh7 34. hxg4 Nxg4 35. Nxg4 Bxg4 36. Be4+ Kh6 37. Rd6+ Kg5 38. Red1 h4 39. R1d5+ Bf5 40. Rxf5+ Kg4 41. Rg6+ Kh3 42. Bg2# 1-0


[Site "https://www.chess.com"]

[Event "Titled Tuesday Blitz May 23 Early 2023"]
[White "Sarana, Alexey"]
[Black "Kramnik, Vladimir"]
[WhiteFideId "24133795"]
[BlackFideId "4101588"]
[WhiteElo "2714"]
[BlackElo "2703"]
[Result "1/2-1/2"]
[Round "08"]
[TimeControl "180+2"]
[Date "2023.05.23"]
[WhiteClock "0:00:02"]
[BlackClock "0:00:05"]

1. d4 d5 2. c4 c6 3. Nf3 Nf6 4. Nc3 e6 5. Bg5 h6 6. Bxf6 Qxf6 7. a3 dxc4 8. e3 b5 9. Ne5 Bb7 10. b3 Qd8 11. bxc4 Nd7 12. Nxd7 Qxd7 13. cxb5 c5 14. dxc5 Qxd1+ 15. Kxd1 Bxc5 16. Bd3 Bxg2 17. Rg1 Bf3+ 18. Be2 Rd8+ 19. Kc2 Bxe2 20. Nxe2 g5 21. Nc3 f5 22. h3 Ke7 23. a4 Bb4 24. Kb3 Ba5 25. Rad1 Kf6 26. Na2 h5 27. Nb4 Bxb4 28. Kxb4 Rxd1 29. Rxd1 h4 30. a5 g4 31. b6 axb6 32. axb6 Ke5 33. Rg1 Ke4 34. hxg4 h3 35. gxf5 exf5 36. Kc5 Kf3 37. b7 Kxf2 38. Rb1 h2 39. Kc6 Kg2 40. Rb2+ Kg3 41. Rb1 Kg2 42. Rb2+ Kg3 43. Rb1 Kg2 1/2-1/2


[Site "https://www.chess.com"]

[Event "Titled Tuesday Blitz May 23 Early 2023"]
[White "Bortnyk, Olexandr"]
[Black "Svane, Frederik"]
[WhiteFideId "14120828"]
[BlackFideId "12923044"]
[WhiteElo "2734"]
[BlackElo "2502"]
[Result "1-0"]
[Round "08"]
[TimeControl "180+2"]
[Date "2023.05.23"]
[WhiteClock "0:00:30"]
[BlackClock "0:00:00"]

1. e4 e5 2. Bc4 Nf6 3. d3 Bc5 4. Nc3 O-O 5. Be3 d6 6. h3 Nc6 7. Nge2 Na5 8. Bxc5 dxc5 9. Bb3 Nh5 10. Qd2 Qd6 11. g4 Nf4 12. Nxf4 exf4 13. Nd5 Nxb3 14. axb3 g5 15. h4 f6 16. hxg5 fxg5 17. Rh5 h6 18. f3 Bd7 19. O-O-O c6 20. Rdh1 cxd5 21. Rxh6 Qe5 22. Rh7 Be8 23. Qh2 Bg6 24. Qh6 Qf6 25. e5 1-0


[Site "https://www.chess.com"]

[Event "Titled Tuesday Blitz May 23 Early 2023"]
[White "Grischuk, Alexander"]
[Black "Babazada, Khazar"]
[WhiteFideId "4126025"]
[BlackFideId "13413554"]
[WhiteElo "2721"]
[BlackElo "2351"]
[Result "1-0"]
[Round "08"]
[TimeControl "180+2"]
[Date "2023.05.23"]
[WhiteClock "0:01:34"]
[BlackClock "0:01:12"]

1. Nf3 Nf6 2. g3 g6 3. c4 Bg7 4. Nc3 d6 5. d4 O-O 6. Bg2 Nbd7 7. O-O e5 8. e4 a6 9. Be3 exd4 10. Nxd4 Re8 11. h3 Rb8 12. b3 c5 13. Nde2 b5 14. Qxd6 b4 15. Na4 Nxe4 16. Bxe4 Rxe4 17. Rad1 Qe8 18. Nf4 Be5 19. Qd3 Bxf4 20. Bxf4 Rb6 21. Nxb6 Nxb6 22. Qd8 1-0


[Site "https://www.chess.com"]

[Event "Titled Tuesday Blitz May 23 Early 2023"]
[White "Matlakov, Maxim"]
[Black "Sviridov, Valery"]
[WhiteFideId "4168003"]
[BlackFideId "4120680"]
[WhiteElo "2666"]
[BlackElo "2457"]
[Result "1-0"]
[Round "08"]
[TimeControl "180+2"]
[Date "2023.05.23"]
[WhiteClock "0:00:28"]
[BlackClock "0:00:29"]

1. Nf3 g6 2. d4 Bg7 3. e4 d6 4. Bd3 Nf6 5. c3 O-O 6. O-O Nc6 7. h3 e5 8. Re1 a5 9. a3 Re8 10. d5 Nb8 11. c4 Nh5 12. Nc3 Nd7 13. Rb1 Rf8 14. b4 Nf4 15. Bf1 axb4 16. axb4 f5 17. exf5 Rxf5 18. Ne4 h6 19. c5 Qe7 20. Qb3 Rf8 21. Bxf4 Rxf4 22. Rbc1 Nf6 23. Nfd2 Nxe4 24. Nxe4 Bf5 25. Bd3 Kh7 26. Qc2 Rf8 27. Re2 Rf7 28. b5 Bxe4 29. Bxe4 Qg5 30. b6 dxc5 31. bxc7 Rxc7 32. d6 Rd7 33. Rd1 b6 34. g3 Rf6 35. h4 Qg4 36. Red2 h5 37. Kg2 Bh6 38. Rd5 Bf8 39. Rxe5 Rdxd6 40. Rxd6 Rxd6 41. Rg5 Qd1 42. Bxg6+ Kh8 43. Rxh5+ Kg8 44. Qc4+ 1-0


[Site "https://www.chess.com"]

[Event "Titled Tuesday Blitz May 23 Early 2023"]
[White "Hakobyan, Aram"]
[Black "Zakhartsov, Vladimir"]
[WhiteFideId "13306677"]
[BlackFideId "4145097"]
[WhiteElo "2584"]
[BlackElo "2495"]
[Result "1-0"]
[Round "08"]
[TimeControl "180+2"]
[Date "2023.05.23"]
[WhiteClock "0:00:56"]
[BlackClock "0:00:13"]

1. d4 g6 2. c4 Bg7 3. Nc3 b6 4. e4 Bb7 5. Nf3 e6 6. Be2 Ne7 7. O-O d5 8. cxd5 exd5 9. e5 c5 10. Nb5 O-O 11. Nd6 Bc6 12. Bg5 h6 13. Bh4 Qd7 14. Rc1 c4 15. Nd2 Qc7 16. b3 b5 17. bxc4 bxc4 18. N2xc4 dxc4 19. Bxc4 Qd7 20. Nxf7 Bd5 21. Bxe7 Rxf7 22. Bxd5 Qxd5 23. Rc8+ Kh7 24. Bd6 Qb7 25. Qc2 Na6 26. Rxa8 Qxa8 27. Qc4 Qb7 28. e6 Bf8 29. e7 Rxe7 30. Bxe7 Bxe7 31. Qf7+ Kh8 32. Re1 1-0


[Site "https://www.chess.com"]

[Event "Titled Tuesday Blitz May 23 Early 2023"]
[White "Svane, Rasmus"]
[Black "Fridman, Daniel"]
[WhiteFideId "4657101"]
[BlackFideId "11600454"]
[WhiteElo "2601"]
[BlackElo "2525"]
[Result "1-0"]
[Round "08"]
[TimeControl "180+2"]
[Date "2023.05.23"]
[WhiteClock "0:00:38"]
[BlackClock "0:00:00"]

1. c4 e6 2. g3 d5 3. Bg2 Nf6 4. Nf3 Be7 5. O-O O-O 6. b3 b6 7. d4 Bb7 8. Nc3 Nbd7 9. Bb2 c5 10. Ne1 cxd4 11. Qxd4 Nc5 12. cxd5 exd5 13. Rd1 Ne6 14. Qd2 Ne4 15. Nxe4 dxe4 16. Qc2 Qc8 17. Bxe4 Qxc2 18. Bxc2 Rfd8 19. Nf3 Bc5 20. Rxd8+ Rxd8 21. Rd1 Rxd1+ 22. Bxd1 Bxf3 23. exf3 a5 24. f4 Bd4 25. Bc1 Nc5 26. Bc2 Na6 27. Kg2 Nb4 28. Bb1 Nd5 29. a4 h6 30. Kf3 Bc5 31. Bd3 Kf8 32. Bc4 Nf6 33. g4 Ke7 34. g5 Nd7 35. Bb2 hxg5 36. fxg5 f6 37. h4 Ne5+ 38. Kg2 Ng6 39. gxf6+ gxf6 40. Kg3 Bd6+ 41. Kg4 Bc5 42. f4 Bd6 43. Bc1 Kf8 44. h5 Ne7 45. h6 Bc5 46. Bb2 Ng8 47. h7 1-0


[Site "https://www.chess.com"]

[Event "Titled Tuesday Blitz May 23 Early 2023"]
[White "Narayanan, Srinath"]
[Black "Demchenko, Anton"]
[WhiteFideId "5018420"]
[BlackFideId "4160258"]
[WhiteElo "2438"]
[BlackElo "2545"]
[Result "0-1"]
[Round "08"]
[TimeControl "180+2"]
[Date "2023.05.23"]
[WhiteClock "0:00:08"]
[BlackClock "0:00:06"]

1. Nf3 Nf6 2. c4 d6 3. d4 Nc6 4. g3 e5 5. dxe5 dxe5 6. Qxd8+ Kxd8 7. Bg2 Be6 8. Ng5 Bxc4 9. Nd2 Be6 10. Nxe6+ fxe6 11. Bxc6 bxc6 12. Nc4 Bd6 13. b3 a5 14. Bb2 e4 15. O-O-O Ke7 16. Kc2 a4 17. f3 Rhb8 18. g4 Rb5 19. h4 axb3+ 20. axb3 Rab8 21. g5 Nh5 22. fxe4 Rxb3 23. Bc3 Ng3 24. Rh3 Rxc3+ 25. Kxc3 Nxe4+ 26. Kc2 Nf2 27. Rxd6 cxd6 28. Ra3 Rb7 29. Ra6 Rc7 30. Nb6 Ne4 31. Na8 Rb7 32. Rxc6 Kd7 33. Rb6 Rxb6 34. Nxb6+ Kc6 35. Nc8 Kc7 36. Na7 g6 37. Kd3 Ng3 38. e4 Nh5 39. Nb5+ Kd7 40. Ke3 e5 41. Nc3 Nf4 42. Kf3 Ke6 43. Nb5 d5 44. Nc7+ Kd6 45. Ne8+ Kc5 46. Nf6 d4 47. Nxh7 Kc4 48. Nf6 Kc3 49. h5 d3 50. Ng4 gxh5 51. Nf2 d2 52. Kg3 Kc2 53. Kh4 d1=Q 54. Nxd1 Kxd1 55. g6 Nxg6+ 56. Kxh5 Ne7 57. Kg5 Ke2 58. Kf6 Nc6 59. Ke6 Kd3 60. Kd5 Ke3 61. Kxc6 Kxe4 62. Kc5 Kd3 0-1


[Site "https://www.chess.com"]

[Event "Titled Tuesday Blitz May 23 Early 2023"]
[White "Sjugirov, Sanan"]
[Black "Tasev, Dejan"]
[WhiteFideId "4189302"]
[BlackFideId "936618"]
[WhiteElo "2569"]
[BlackElo "2244"]
[Result "1-0"]
[Round "08"]
[TimeControl "180+2"]
[Date "2023.05.23"]
[WhiteClock "0:00:04"]
[BlackClock "0:00:01"]

1. d4 Nf6 2. c4 g6 3. Nc3 Bg7 4. e4 d6 5. Nf3 O-O 6. Be2 c5 7. d5 b5 8. cxb5 a6 9. O-O axb5 10. Bxb5 Ba6 11. Bxa6 Rxa6 12. Qe2 Qb6 13. e5 dxe5 14. Nxe5 Rd8 15. Rd1 Qb7 16. Bf4 Rb6 17. Nc4 Rb4 18. a3 Rxc4 19. Qxc4 Nbd7 20. Qb5 Qa7 21. h3 Ne8 22. a4 Nd6 23. Qe2 Nf6 24. Nb5 Qb7 25. Bxd6 exd6 26. Ra3 Re8 27. Re3 Rd8 28. b3 h5 29. Qf3 Qa8 30. Re7 c4 31. g4 hxg4 32. hxg4 Rf8 33. g5 Nh5 34. bxc4 Qxa4 35. Re4 f6 36. Rde1 fxg5 37. Re8 Nf4 38. Nxd6 Rxe8 39. Rxe8+ Bf8 40. Re1 Qb4 41. Qe4 Qxd6 42. Kf1 Qf6 43. Re3 g4 44. Qe5 Kf7 45. Qc7+ Kg8 46. Qe5 Kf7 47. Qxf6+ Kxf6 48. Re8 Bc5 49. Rc8 Bd4 50. c5 Nxd5 51. Rd8 Ke5 52. c6 Bb6 53. Re8+ Kd6 54. Rg8 Ne7 55. Rg7 Bd8 56. Kg2 Kxc6 57. Rf7 Kd7 58. Rf4 Bc7 59. Rxg4 Ke6 60. Re4+ Kf7 61. Ra4 Bd6 62. Kf3 Ke6 63. Kg4 Kf6 64. Ra6 Ke6 65. Kg5 Kd5 66. Kf6 Nc6 67. Kxg6 Bc5 68. f4 Ne7+ 69. Kg5 Nc6 70. Kg6 Bd4 71. f5 Ne5+ 72. Kg5 Nf7+ 73. Kg6 Ne5+ 74. Kh6 Ng4+ 75. Kg5 Ne5 76. Ra5+ Kd6 77. f6 Nd7 78. Ra6+ Kc7 79. f7 Bg7 80. Kg6 Bf8 81. Kh7 Bc5 82. Kg8 Kd8 83. Re6 Be7 84. Re3 Bd6 85. Rd3 Kc7 86. Kg7 Kd8 87. Rxd6 Ke7 88. Rxd7+ 1-0


[Site "https://www.chess.com"]

[Event "Titled Tuesday Blitz May 23 Early 2023"]
[White "Paravyan, David"]
[Black "Matinian, Nikita"]
[WhiteFideId "4194985"]
[BlackFideId "24129100"]
[WhiteElo "2563"]
[BlackElo "2422"]
[Result "1-0"]
[Round "08"]
[TimeControl "180+2"]
[Date "2023.05.23"]
[WhiteClock "0:00:06"]
[BlackClock "0:00:01"]

1. e4 g6 2. d4 d6 3. Nf3 Bg7 4. Bd3 e5 5. dxe5 dxe5 6. O-O c6 7. b3 Ne7 8. Bb2 Nd7 9. Nbd2 Qc7 10. a4 Nc5 11. Nc4 Bg4 12. h3 Bxf3 13. Qxf3 O-O 14. Rfd1 Rfd8 15. Be2 Ne6 16. Qg3 Nf4 17. Bf1 h5 18. h4 b6 19. Qe3 Ne6 20. g3 Nd4 21. Bxd4 exd4 22. Qd3 c5 23. f4 Nc6 24. e5 Nb4 25. Qe4 Re8 26. Re1 Rad8 27. Rad1 Bf8 28. f5 Qc6 29. Qxc6 Nxc6 30. fxg6 fxg6 31. Bd3 Kg7 32. Re4 Re6 33. Rf1 Be7 34. Kg2 Rf8 35. Rfe1 Nb4 36. Nd2 Bd8 37. R1e2 Bc7 38. Bc4 Re7 39. Nf3 Nc6 40. Ng5 Rfe8 41. Bb5 Nxe5 42. Bxe8 Rxe8 43. Nf3 Kf6 44. Rf4+ Kg7 45. Rfe4 Kf6 46. Rf2 Kg7 47. Nxe5 Bxe5 48. Re1 Re7 49. a5 b5 50. a6 c4 51. bxc4 bxc4 52. Rb1 d3 53. cxd3 cxd3 54. Rd2 Rd7 55. Rb7 Bc7 56. Rxa7 Kf6 57. Rb7 Ke5 58. a7 1-0


[Site "https://www.chess.com"]

[Event "Titled Tuesday Blitz May 23 Early 2023"]
[White "Suyarov, Mukhammadzokhid"]
[Black "Cordova, Emilio"]
[WhiteFideId "14210495"]
[BlackFideId "3801497"]
[WhiteElo "2361"]
[BlackElo "2607"]
[Result "1-0"]
[Round "08"]
[TimeControl "180+2"]
[Date "2023.05.23"]
[WhiteClock "0:00:13"]
[BlackClock "0:00:09"]

1. d4 Nf6 2. Nc3 e6 3. e4 d5 4. e5 Nfd7 5. f4 c5 6. Nf3 Nc6 7. Be3 a6 8. Be2 b5 9. O-O b4 10. Nb1 a5 11. Nbd2 Ba6 12. Bxa6 Rxa6 13. c4 bxc3 14. bxc3 cxd4 15. cxd4 Ne7 16. Rb1 Nf5 17. Bf2 Be7 18. g4 Nh6 19. Rb7 O-O 20. Qa4 Nb8 21. Qb5 Ra8 22. h3 Na6 23. Rc1 Kh8 24. Rc6 Nb4 25. Rcc7 Ng8 26. a3 Na6 27. Rd7 Qc8 28. a4 Re8 29. Kg2 h6 30. h4 Qc2 31. Nf1 Nb4 32. Rdc7 Qe4 33. Be3 Nc2 34. Qe2 Nxd4 35. Qf2 Nxf3 36. Qxf3 Qxa4 37. f5 Qe4 38. Qxe4 dxe4 39. Ra7 a4 40. Nd2 a3 41. Nxe4 a2 42. Bd4 Bxh4 43. Nd6 Rf8 44. Nxf7+ Kh7 45. fxe6 Be7 46. Nd6 Rxa7 47. Rxa7 Rf4 48. Nf5 Rxg4+ 49. Kf3 h5 50. Rxa2 Bg5 51. Be3 Ne7 52. Nxe7 Bxe7 53. Ra7 Bh4 54. e7 Bxe7 55. Rxe7 Kg6 56. Ra7 Rc4 57. Ra5 Kf5 58. e6+ Kxe6 59. Rxh5 Kf6 60. Ra5 Kg6 61. Bf4 Rd4 62. Kg4 Kh7 63. Kg5 Rd1 64. Ra7 Rg1+ 65. Kf5 Rg2 66. Ra3 Rg1 67. Rh3+ Kg8 68. Bg3 Rf1+ 69. Kg5 Rf6 70. Be5 Re6 71. Kf5 Rh6 72. Rg3 Rh7 73. Ke6 Kf8 74. Bd6+ Kg8 75. Be5 Kf8 76. Rf3+ Kg8 77. Ra3 Rh6+ 78. Kf5 Rh5+ 79. Kf4 Kh7 80. Ra7 Rh4+ 81. Kg5 Re4 82. Rxg7+ Kh8 83. Re7+ Kg8 84. Kf6 Re1 85. Re8+ Kh7 86. Ra8 Rf1+ 87. Kg5 Rg1+ 88. Kf5 Rf1+ 89. Bf4 Kg7 90. Ra7+ Kf8 91. Ke5 Kg8 92. Rb7 Rf2 93. Ke4 Rf1 94. Be5 Kf8 95. Kd5 Kg8 96. Ke6 Kf8 97. Rh7 Rg1 98. Rb7 Kg8 99. Rb8+ Kh7 100. Rh8+ Kg6 101. Rg8+ 1-0


[Site "https://www.chess.com"]

[Event "Titled Tuesday Blitz May 23 Early 2023"]
[White "Durarbayli, Vasif"]
[Black "Mahdavi, Reza"]
[WhiteFideId "13402935"]
[BlackFideId "12595926"]
[WhiteElo "2551"]
[BlackElo "2352"]
[Result "1-0"]
[Round "08"]
[TimeControl "180+2"]
[Date "2023.05.23"]
[WhiteClock "0:00:15"]
[BlackClock "0:00:00"]

1. e4 c5 2. Nf3 e6 3. Nc3 a6 4. g3 b5 5. Bg2 Bb7 6. d3 Nc6 7. O-O d6 8. Ng5 Be7 9. f4 Nf6 10. Kh1 O-O 11. g4 Nd4 12. Nh3 Nd7 13. f5 Ne5 14. Bf4 Qd7 15. Ne2 Kh8 16. Ng3 Bh4 17. c3 Ndc6 18. d4 cxd4 19. cxd4 Nc4 20. b3 Nb6 21. g5 Bxg3 22. Bxg3 exf5 23. exf5 Ne7 24. f6 Bxg2+ 25. Kxg2 Nf5 26. fxg7+ Kxg7 27. Qd3 Nd5 28. Rae1 Nfe7 29. Nf2 Ng6 30. Ne4 Rfe8 31. Qf3 Re6 32. Nf6 Ndf4+ 33. Kh1 Rxe1 34. Rxe1 Qf5 35. Qxa8 Qxg5 36. Ne8+ Kh6 37. Qf3 1-0


[Site "https://www.chess.com"]

[Event "Titled Tuesday Blitz May 23 Early 2023"]
[White "Karthik Venkataraman"]
[Black "demon64fields"]
[WhiteFideId "25006479"]
[WhiteElo "2419"]
[BlackElo "2876"]
[Result "1-0"]
[Round "08"]
[TimeControl "180+2"]
[Date "2023.05.23"]
[WhiteClock "0:00:22"]
[BlackClock "0:00:04"]

1. a4 d5 2. Nf3 Nf6 3. d3 Nc6 4. g3 e5 5. Bg2 Bg4 6. h3 Be6 7. c3 a5 8. Nbd2 h6 9. e4 Qd7 10. exd5 Nxd5 11. Nc4 f6 12. Nh4 Bc5 13. Qh5+ Qf7 14. Qe2 g5 15. Nf3 O-O-O 16. Nfd2 Ba7 17. Nb3 f5 18. Nbxa5 Nxa5 19. Nxa5 e4 20. dxe4 fxe4 21. O-O Rhe8 22. Be3 Nxe3 23. fxe3 Qe7 24. b4 Kb8 25. Kh2 h5 26. Rad1 h4 27. g4 Bc8 28. Qb5 Bb6 29. Kh1 Rd3 30. Rxd3 exd3 31. Nc6+ bxc6 32. Qxc6 Qe4 33. Bxe4 Rxe4 34. Qxe4 Bb7 35. Qxb7+ Kxb7 36. Rd1 Bxe3 37. Rxd3 Bf4 38. Kg2 c5 39. Kf3 c4 40. Rd4 1-0


[Site "https://www.chess.com"]

[Event "Titled Tuesday Blitz May 23 Early 2023"]
[White "Bacrot, Etienne"]
[Black "Vitiugov, Nikita"]
[WhiteFideId "605506"]
[BlackFideId "4152956"]
[WhiteElo "2672"]
[BlackElo "2673"]
[Result "1-0"]
[Round "08"]
[TimeControl "180+2"]
[Date "2023.05.23"]
[WhiteClock "0:00:28"]
[BlackClock "0:00:00"]

1. e4 e5 2. Nf3 Nc6 3. Bb5 a6 4. Ba4 Nf6 5. O-O Be7 6. Re1 b5 7. Bb3 O-O 8. Nc3 d6 9. a4 b4 10. Nd5 Na5 11. Ba2 Nxd5 12. Bxd5 c6 13. Ba2 c5 14. c3 Rb8 15. Bd5 Be6 16. Bxe6 fxe6 17. d3 Qe8 18. Be3 Qc6 19. Qc2 bxc3 20. bxc3 Rb7 21. Qa2 c4 22. d4 Qxe4 23. dxe5 Nb3 24. Bg5 Qc6 25. Bxe7 Rxe7 26. exd6 Qxd6 27. Rad1 Qc6 28. Ne5 Qc7 29. Qe2 Rc8 30. h4 Qc5 31. Nxc4 Qxc4 32. Rd8+ Kf7 33. Qh5+ Kf6 34. Re3 g6 35. Qf3+ 1-0


[Site "https://www.chess.com"]

[Event "Titled Tuesday Blitz May 23 Early 2023"]
[White "Averjanov, Alexey"]
[Black "Maltsevskaya, Aleksandra"]
[WhiteFideId "14109867"]
[BlackFideId "24174041"]
[WhiteElo "2783"]
[BlackElo "2302"]
[Result "1-0"]
[Round "08"]
[TimeControl "180+2"]
[Date "2023.05.23"]
[WhiteClock "0:01:14"]
[BlackClock "0:00:11"]

1. d4 Nf6 2. c4 g6 3. Nc3 Bg7 4. e4 d6 5. Be2 O-O 6. Nf3 Nbd7 7. O-O e5 8. Qc2 c6 9. Bg5 h6 10. Bd2 Re8 11. d5 c5 12. a3 b6 13. b4 Nh5 14. g3 Rf8 15. Nh4 Nf4 16. Bf3 cxb4 17. axb4 Nf6 18. gxf4 exf4 19. Bg2 Nh5 20. Nf3 g5 21. h3 f5 22. Nh2 g4 23. exf5 Bxf5 24. Be4 Bxe4 25. Qxe4 g3 26. Nf3 Kh8 27. Rae1 Qc8 28. Kg2 Rg8 29. Nh4 gxf2 30. Ng6+ Kh7 31. Nf8+ Kh8 32. Qh7# 1-0


[Site "https://www.chess.com"]

[Event "Titled Tuesday Blitz May 23 Early 2023"]
[White "Martinez Alcantara, Jose Eduardo"]
[Black "Gorovets, Andrey"]
[WhiteFideId "3805662"]
[BlackFideId "13504037"]
[WhiteElo "2711"]
[BlackElo "2459"]
[Result "1-0"]
[Round "08"]
[TimeControl "180+2"]
[Date "2023.05.23"]
[WhiteClock "0:00:07"]
[BlackClock "0:00:00"]

1. e4 e6 2. d4 d5 3. Nd2 a6 4. c3 e5 5. dxe5 dxe4 6. Nxe4 Qxd1+ 7. Kxd1 Nc6 8. f4 Bf5 9. Ng3 O-O-O+ 10. Ke1 Bc2 11. Bd2 f6 12. Nf3 fxe5 13. fxe5 Bc5 14. Rc1 Bg6 15. Bc4 Nge7 16. Rd1 Bc2 17. Rc1 Bg6 18. Bg5 b5 19. Bb3 Rhe8 20. Rd1 Bd3 21. Rd2 h6 22. Bc2 Bxc2 23. Bxe7 Rxe7 24. Rxc2 Nxe5 25. Nxe5 Rxe5+ 26. Re2 Rde8 27. Rxe5 Rxe5+ 28. Kd2 Bd6 29. Rf1 Rg5 30. Rf3 h5 31. Ne2 Rxg2 32. h3 g5 33. Kd3 Kb7 34. b4 Rh2 35. a3 Kb6 36. Nd4 Be5 37. Ne2 c6 38. Ke3 a5 39. Kd3 a4 40. Re3 Bd6 41. Rf3 Rh1 42. Rf6 Rxh3+ 43. Ke4 Kc7 44. Nd4 g4 45. Rf7+ Kb6 46. Rf6 Kc7 47. Rf7+ Kd8 48. Rf6 Kd7 49. Rf7+ Ke8 50. Rg7 Rxc3 51. Kf5 Bf8 52. Rg5 g3 53. Rxh5 Bg7 54. Ne6 Kf7 55. Ng5+ Kg8 56. Ne4 g2 57. Rg5 Rc2 58. Ke6 Kh7 59. Rg3 Bh6 60. Nf6+ 1-0


[Site "https://www.chess.com"]

[Event "Titled Tuesday Blitz May 23 Early 2023"]
[White "Zemlyanskii, Ivan"]
[Black "Madaminov, Mukhiddin"]
[WhiteFideId "24249971"]
[BlackFideId "14210703"]
[WhiteElo "2421"]
[BlackElo "2511"]
[Result "0-1"]
[Round "08"]
[TimeControl "180+2"]
[Date "2023.05.23"]
[WhiteClock "0:00:02"]
[BlackClock "0:01:30"]

1. d4 e6 2. c4 b6 3. e4 Bb4+ 4. Bd2 Bxd2+ 5. Qxd2 d5 6. cxd5 exd5 7. e5 Ne7 8. Nc3 O-O 9. Nf3 c5 10. Rd1 Be6 11. Be2 Nbc6 12. O-O h6 13. h3 f6 14. exf6 Rxf6 15. Rfe1 Bf7 16. dxc5 bxc5 17. Na4 Qd6 18. Qc2 c4 19. Bxc4 Rxf3 20. gxf3 Ne5 21. Rxe5 Qxe5 22. Bf1 Ng6 23. Nc3 Nf4 24. Qd2 Re8 25. Nb5 Qg5+ 26. Kh1 Re2 27. Qd4 a6 28. Nc3 Rxb2 29. Nxd5 Qxd5 30. Qxb2 Qxd1 31. Qb8+ Kh7 32. Qxf4 Qxf1+ 33. Kh2 Qxf2+ 34. Kh1 Qe1+ 35. Kg2 Qe2+ 36. Kg1 Bg6 37. h4 Qxa2 38. Qg4 Qb1+ 39. Kg2 Qf5 40. Qd4 a5 0-1


[Site "https://www.chess.com"]